| TOP OF THE 1ST |
|
Minnesota (NYP) Twins batting - Pitching for Connecticut Tigers : RHP Alan Grossfeld
|
|
Pitching: RHP Alan Grossfeld
|
|
|
Batting: RHB Caleb Bockmann
|
0-0: Called Strike 0-1: Swinging Strike 0-2: Strikes out looking
|
|
Batting: RHB Fhil Mikrakin
|
0-0: Ball 1-0: Swinging Strike 1-1: Ground out 6-3 (Groundball, 6, EV 85.6 MPH)
|
|
Batting: LHB Hector Olvera
|
0-0: Ball 1-0: Called Strike 1-1: Swinging Strike 1-2: Ground out 4-3 (Groundball, 4, EV 98.1 MPH)
|
| Top of the 1st over - 0 runs, 0 hits, 0 errors, 0 left on base; Minnesota (NYP) 0 - Connecticut 0 |
| BOTTOM OF THE 1ST |
|
Connecticut Tigers batting - Pitching for Minnesota (NYP) Twins : RHP Miguel Montelongo
|
|
Pitching: RHP Miguel Montelongo
|
|
|
Batting: LHB Iestyn Peacock
|
0-0: Ball 1-0: Fly out, F7 (Flyball, 7, EV 86.2 MPH)
|
|
Batting: RHB Tony Nunez
|
0-0: Foul Ball, location: 2F 0-1: Ground out 6-3 (Groundball, P, EV 88.8 MPH)
|
|
Batting: LHB Jon Pedlar
|
0-0: Ball 1-0: Ball 2-0: Called Strike 2-1: Ball 3-1: Swinging Strike 3-2: Foul Ball, location: 2F 3-2: Foul Ball, location: 2F 3-2: Foul Ball, location: 2F 3-2: Strikes out swinging
|
| Bottom of the 1st over - 0 runs, 0 hits, 0 errors, 0 left on base; Minnesota (NYP) 0 - Connecticut 0 |
| TOP OF THE 2ND |
|
Minnesota (NYP) Twins batting - Pitching for Connecticut Tigers : RHP Alan Grossfeld
|
|
Batting: RHB Nate Matson
|
0-0: Foul Ball, location: 2F 0-1: Ball 1-1: Swinging Strike 1-2: Strikes out swinging
|
|
Batting: RHB Steve Raine
|
0-0: Foul Ball, location: 2F 0-1: Fly out, F7 (Flyball, 7D, EV 95.0 MPH)
|
|
Batting: RHB Chris Bejarano
|
0-0: TRIPLE (Groundball, 5L, EV 95.6 MPH)
|
|
Batting: LHB Ben Roth
|
0-0: Called Strike 0-1: Ball 1-1: Ball 2-1: Foul Ball, location: 2F 2-2: Ball 3-2: Foul Ball, location: 2F 3-2: Ground out 4-3 (Groundball, 4S, EV 85.6 MPH)
|
| Top of the 2nd over - 0 runs, 1 hit, 0 errors, 1 left on base; Minnesota (NYP) 0 - Connecticut 0 |
| BOTTOM OF THE 2ND |
|
Connecticut Tigers batting - Pitching for Minnesota (NYP) Twins : RHP Miguel Montelongo
|
|
Batting: SHB Ronnie Lundy
|
0-0: Called Strike 0-1: Ball 1-1: Ball 2-1: Called Strike 2-2: Ball 3-2: Foul Ball, location: 2F 3-2: Ground out 6-3 (Groundball, 6, EV 97.5 MPH)
|
|
Batting: RHB Yaremka Rzhevsky
|
0-0: Ball 1-0: Ground out 4-3 (Groundball, 4S, EV 70.0 MPH)
|
|
Batting: LHB Ryan Adams
|
0-0: Foul Ball, location: 2F 0-1: Foul Ball, location: 2F 0-2: Strikes out swinging
|
| Bottom of the 2nd over - 0 runs, 0 hits, 0 errors, 0 left on base; Minnesota (NYP) 0 - Connecticut 0 |
| TOP OF THE 3RD |
|
Minnesota (NYP) Twins batting - Pitching for Connecticut Tigers : RHP Alan Grossfeld
|
|
Batting: RHB Fernando Bravo
|
0-0: Ball 1-0: Foul Ball, location: 2F 1-1: Swinging Strike 1-2: Strikes out looking
|
|
Batting: LHB Jose Hilario
|
0-0: Ground out 4-3 (Groundball, 4, EV 83.8 MPH)
|
|
Batting: RHB Caleb Bockmann
|
0-0: Called Strike 0-1: Fly out, F9 (Flyball, 89S, EV 80.6 MPH)
|
| Top of the 3rd over - 0 runs, 0 hits, 0 errors, 0 left on base; Minnesota (NYP) 0 - Connecticut 0 |
| BOTTOM OF THE 3RD |
|
Connecticut Tigers batting - Pitching for Minnesota (NYP) Twins : RHP Miguel Montelongo
|
|
Batting: SHB Isaiah Bias
|
0-0: Ball 1-0: Foul Ball, location: 2F 1-1: SOLO HOME RUN (Flyball, 89XD, EV 111.9 MPH), Distance : 443 ft
|
|
Batting: RHB Dustin Bursell
|
0-0: SINGLE (Line Drive, 9LS, EV 113.1 MPH)
|
|
Batting: LHB Zach Rose
|
0-0: Ball 1-0: Called Strike 1-1: Ball 2-1: Fly out, F7 (Flyball, 7, EV 84.4 MPH)
|
|
Batting: LHB Iestyn Peacock
|
0-0: Ball 1-0: Called Strike Dustin Bursell steals 2nd base 1-1: Ball 2-1: Ground out U3 (Groundball, 23, EV 86.9 MPH) Dustin Bursell to third
|
|
Batting: RHB Tony Nunez
|
0-0: Ground out 5-3 (Groundball, 5L, EV 103.1 MPH)
|
| Bottom of the 3rd over - 1 run, 2 hits, 0 errors, 1 left on base; Minnesota (NYP) 0 - Connecticut 1 |
| TOP OF THE 4TH |
|
Minnesota (NYP) Twins batting - Pitching for Connecticut Tigers : RHP Alan Grossfeld
|
|
Batting: RHB Fhil Mikrakin
|
0-0: Ball 1-0: Foul Ball, location: 2F 1-1: Ball 2-1: Ball 3-1: Base on Balls
|
|
Batting: LHB Hector Olvera
|
0-0: Called Strike 0-1: SINGLE (Groundball, 6MD, EV 105.6 MPH) Fhil Mikrakin to second
|
|
Batting: RHB Nate Matson
|
0-0: Ball 1-0: Fly out, F9 (Flyball, 89M, EV 91.9 MPH)
|
|
Batting: RHB Steve Raine
|
0-0: Ball 1-0: Called Strike 1-1: Ball Wild Pitch! Fhil Mikrakin to third Hector Olvera to second 2-1: Ball 3-1: Base on Balls
|
|
Batting: RHB Chris Bejarano
|
0-0: Ball 1-0: Foul Ball, location: 2F 1-1: Foul Ball, location: 2F 1-2: Strikes out swinging
|
|
Batting: LHB Ben Roth
|
0-0: Called Strike 0-1: Foul Ball, location: 2F 0-2: Ball 1-2: Foul Ball, location: 2F 1-2: DOUBLE (Flyball, 78XD, EV 91.2 MPH) Fhil Mikrakin scores Hector Olvera scores Steve Raine to third
|
|
Batting: RHB Fernando Bravo
|
0-0: Ball 1-0: Ball 2-0: Called Strike 2-1: Called Strike 2-2: Ground out U3 (Groundball, 3S, EV 81.9 MPH)
|
| Top of the 4th over - 2 runs, 2 hits, 0 errors, 2 left on base; Minnesota (NYP) 2 - Connecticut 1 |
| BOTTOM OF THE 4TH |
|
Connecticut Tigers batting - Pitching for Minnesota (NYP) Twins : RHP Miguel Montelongo
|
|
Batting: LHB Jon Pedlar
|
0-0: Ball 1-0: Hit by Pitch
|
|
Batting: SHB Ronnie Lundy
|
0-0: Ball 1-0: Ball 2-0: Ball 3-0: Fly out, F8 (Flyball, 78M, EV 83.1 MPH)
|
|
Batting: RHB Yaremka Rzhevsky
|
0-0: Ball 1-0: Hit by Pitch Jon Pedlar to second
|
|
Batting: LHB Ryan Adams
|
0-0: Ball 1-0: Called Strike 1-1: Ball 2-1: Ball 3-1: Fly out, F8 (Flyball, 8RXD, EV 88.1 MPH) Runner from 2nd tags up, SAFE at 3rd, no throw by CF
|
|
Batting: SHB Isaiah Bias
|
0-0: Ground out 4-3 (Groundball, 4, EV 94.4 MPH)
|
| Bottom of the 4th over - 0 runs, 0 hits, 0 errors, 2 left on base; Minnesota (NYP) 2 - Connecticut 1 |
| TOP OF THE 5TH |
|
Minnesota (NYP) Twins batting - Pitching for Connecticut Tigers : RHP Alan Grossfeld
|
|
Batting: LHB Jose Hilario
|
0-0: Ball 1-0: Swinging Strike 1-1: Ball 2-1: SINGLE (Groundball, 4MD, EV 107.5 MPH)
|
|
Batting: RHB Caleb Bockmann
|
0-0: Foul Ball, location: 2F 0-1: Ball 1-1: Fielders Choice at 2nd, 4-6 (Groundball, 4M, EV 107.5 MPH)
|
|
Batting: RHB Fhil Mikrakin
|
0-0: Ball 1-0: Ball Caleb Bockmann steals 2nd base 2-0: Foul Ball, location: 2F 2-1: Swinging Strike 2-2: Foul Ball, location: 2F 2-2: Ball 3-2: Strikes out swinging
|
|
Batting: LHB Hector Olvera
|
0-0: Ball 1-0: Swinging Strike 1-1: Called Strike 1-2: Ground out 4-3 (Groundball, 4, EV 80.6 MPH)
|
| Top of the 5th over - 0 runs, 1 hit, 0 errors, 1 left on base; Minnesota (NYP) 2 - Connecticut 1 |
| BOTTOM OF THE 5TH |
|
Connecticut Tigers batting - Pitching for Minnesota (NYP) Twins : RHP Miguel Montelongo
|
|
Batting: RHB Dustin Bursell
|
0-0: Ball 1-0: Called Strike 1-1: Ball 2-1: SINGLE (Groundball, 34D, EV 106.2 MPH)
|
|
Batting: LHB Zach Rose
|
0-0: Called Strike Dustin Bursell is caught stealing 2nd base 2-6 0-1: Ball 1-1: Ball 2-1: Foul Ball, location: 2F 2-2: Fly out, F8 (Line Drive, 78M, EV 106.9 MPH)
|
|
Batting: LHB Iestyn Peacock
|
0-0: Called Strike 0-1: SINGLE (Line Drive, 9S, EV 107.5 MPH)
|
|
Batting: RHB Tony Nunez
|
0-0: Ball 1-0: Called Strike Iestyn Peacock is caught stealing 2nd base 2-4
|
| Bottom of the 5th over - 0 runs, 2 hits, 0 errors, 0 left on base; Minnesota (NYP) 2 - Connecticut 1 |
| TOP OF THE 6TH |
|
Minnesota (NYP) Twins batting - Pitching for Connecticut Tigers : RHP Alan Grossfeld
|
|
Batting: RHB Nate Matson
|
0-0: Ball 1-0: Ball 2-0: Ball 3-0: Base on Balls
|
|
Batting: RHB Steve Raine
|
0-0: Ball 1-0: Ball 2-0: Foul Ball, location: 2F 2-1: Swinging Strike 2-2: Ball 3-2: Strikes out looking
|
|
Batting: RHB Chris Bejarano
|
0-0: Ball 1-0: Grounds into double play, 6-4-3 (Groundball, 6, EV 83.1 MPH)
|
| Top of the 6th over - 0 runs, 0 hits, 0 errors, 0 left on base; Minnesota (NYP) 2 - Connecticut 1 |
| BOTTOM OF THE 6TH |
|
Connecticut Tigers batting - Pitching for Minnesota (NYP) Twins : RHP Miguel Montelongo
|
|
Batting: RHB Tony Nunez
|
0-0: Foul Ball, location: 2F 0-1: DOUBLE (Line Drive, 8RXD, EV 110.6 MPH)
|
|
Batting: LHB Jon Pedlar
|
0-0: Foul Ball, location: 2F 0-1: 2-RUN HOME RUN (Flyball, 9D, EV 100.0 MPH), Distance : 394 ft
|
|
Batting: SHB Ronnie Lundy
|
0-0: Ball 1-0: Ball 2-0: Foul Ball, location: 2F 2-1: Called Strike 2-2: Fly out, F5 (Popup, 56S, EV 64.4 MPH)
|
|
Batting: RHB Yaremka Rzhevsky
|
0-0: Ball 1-0: DOUBLE (Line Drive, 9LS, EV 94.4 MPH)
|
|
Batting: LHB Ryan Adams
|
0-0: Called Strike 0-1: Foul Ball, location: 2F 0-2: Ball 1-2: Ball 2-2: 2-RUN HOME RUN (Flyball, 9D, EV 102.5 MPH), Distance : 398 ft
|
|
Pitching: RHP Chad Brock
|
|
|
Batting: SHB Isaiah Bias
|
0-0: Ball 1-0: Ball 2-0: Ground out 4-3 (Groundball, 4, EV 88.1 MPH)
|
|
Batting: RHB Dustin Bursell
|
0-0: Fly out, F8 (Line Drive, 8LD, EV 90.0 MPH)
|
| Bottom of the 6th over - 4 runs, 4 hits, 0 errors, 0 left on base; Minnesota (NYP) 2 - Connecticut 5 |
| TOP OF THE 7TH |
|
Minnesota (NYP) Twins batting - Pitching for Connecticut Tigers : RHP Alan Grossfeld
|
|
Batting: LHB Ben Roth
|
0-0: Ball 1-0: Ball 2-0: Ground out 6-3 (Groundball, 6, EV 79.4 MPH)
|
|
Batting: RHB Fernando Bravo
|
0-0: Called Strike 0-1: Ball 1-1: Foul Ball, location: 2F 1-2: Foul Ball, location: 2F 1-2: Fly out, F9 (Line Drive, 9, EV 88.8 MPH)
|
|
Batting: LHB Jose Hilario
|
0-0: Ball 1-0: Ground out U3 (Groundball, 3S, EV 86.9 MPH)
|
| Top of the 7th over - 0 runs, 0 hits, 0 errors, 0 left on base; Minnesota (NYP) 2 - Connecticut 5 |
| BOTTOM OF THE 7TH |
|
Connecticut Tigers batting - Pitching for Minnesota (NYP) Twins : RHP Chad Brock
|
|
Batting: LHB Zach Rose
|
0-0: Ball 1-0: Swinging Strike 1-1: Ground out 4-3 (Groundball, 4S, EV 90.0 MPH)
|
|
Batting: LHB Iestyn Peacock
|
0-0: Ball 1-0: Ground out U3 (Groundball, 34S, EV 90.0 MPH)
|
|
Batting: RHB Tony Nunez
|
0-0: Foul Ball, location: 2F 0-1: DOUBLE (Flyball, 8RXD, EV 112.5 MPH)
|
|
Batting: LHB Jon Pedlar
|
0-0: Foul Ball, location: 2F 0-1: Swinging Strike 0-2: Strikes out swinging
|
| Bottom of the 7th over - 0 runs, 1 hit, 0 errors, 1 left on base; Minnesota (NYP) 2 - Connecticut 5 |
| TOP OF THE 8TH |
|
Minnesota (NYP) Twins batting - Pitching for Connecticut Tigers : RHP Alan Grossfeld
|
|
Pitching: RHP Rich Nunez
|
|
|
Batting: RHB Caleb Bockmann
|
0-0: Ball 1-0: Ground out 6-3 (Groundball, 6, EV 85.0 MPH)
|
|
Batting: RHB Fhil Mikrakin
|
0-0: Ball 1-0: Ball 2-0: Foul Ball, location: 2F 2-1: Ball 3-1: Ground out 4-3 (Groundball, 4, EV 88.8 MPH)
|
|
Batting: LHB Hector Olvera
|
0-0: Swinging Strike 0-1: Foul Ball, location: 2F 0-2: Ball 1-2: Foul Ball, location: 2F 1-2: Ball 2-2: Foul Ball, location: 2F 2-2: Ground out U3 (Groundball, 34, EV 81.9 MPH)
|
| Top of the 8th over - 0 runs, 0 hits, 0 errors, 0 left on base; Minnesota (NYP) 2 - Connecticut 5 |
| BOTTOM OF THE 8TH |
|
Connecticut Tigers batting - Pitching for Minnesota (NYP) Twins : RHP Chad Brock
|
|
Batting: SHB Ronnie Lundy
|
0-0: Ball 1-0: Foul Ball, location: 2F 1-1: Foul Ball, location: 2F 1-2: Foul Ball, location: 2F 1-2: DOUBLE (Line Drive, 8LXD, EV 98.1 MPH)
|
|
Pitching: RHP Larry Muttart
|
|
|
Batting: RHB Yaremka Rzhevsky
|
0-0: Ball 1-0: Ball 2-0: Called Strike 2-1: Foul Ball, location: 2F 2-2: Ball Wild Pitch! Ronnie Lundy to third 3-2: Ground out U3 (Groundball, 34, EV 105.0 MPH) Ronnie Lundy scores
|
|
Batting: LHB Ryan Adams
|
0-0: Ball 1-0: Ball 2-0: Ball 3-0: Base on Balls
|
|
Batting: SHB Isaiah Bias
|
0-0: Called Strike Ryan Adams is caught stealing 2nd base 2-6 0-1: Ball 1-1: Foul Ball, location: 2F 1-2: Strikes out swinging
|
| Bottom of the 8th over - 1 run, 1 hit, 0 errors, 0 left on base; Minnesota (NYP) 2 - Connecticut 6 |
| TOP OF THE 9TH |
|
Minnesota (NYP) Twins batting - Pitching for Connecticut Tigers : RHP Rich Nunez
|
|
Pitching: LHP Victor Villarreal
|
|
|
Batting: RHB Nate Matson
|
0-0: Ball 1-0: DOUBLE (Groundball, 5L, EV 104.4 MPH)
|
|
Batting: RHB Steve Raine
|
0-0: Swinging Strike 0-1: Called Strike 0-2: Ball 1-2: Strikes out swinging
|
|
Batting: RHB Chris Bejarano
|
0-0: Ball 1-0: Ball 2-0: Called Strike 2-1: Ball 3-1: Base on Balls
|
|
Batting: LHB Ben Roth
|
0-0: Foul Ball, location: 2F 0-1: Foul Ball, location: 2F 0-2: Ball 1-2: Ball 2-2: Fly out, F7 (Flyball, 78M, EV 82.5 MPH)
|
|
Batting: RHB Fernando Bravo
|
0-0: Ball 1-0: SINGLE (Line Drive, 89M, EV 98.1 MPH) Nate Matson to third Chris Bejarano to second
|
|
Batting: LHB Jose Hilario
|
0-0: Ball 1-0: Ball 2-0: Ground out 4-3 (Groundball, 4, EV 93.1 MPH)
|
| Top of the 9th over - 0 runs, 2 hits, 0 errors, 3 left on base; Minnesota (NYP) 2 - Connecticut 6 |
|